 Dungeon Crawl Stone Soup version 0.20.1-1-g8b1a95d (webtiles) character file.

46 Tr0llz0r the Skirmisher (level 3, -3/33 HPs)
             Began as a Draconian Berserker on Aug 25, 2017.
             Was a Follower of Trog.
             Slain by Terence
             ... wielding a +1 short sword of electrocution
              (16 damage)
             ... on level 2 of the Dungeon.
             The game lasted 00:05:47 (1302 turns).

Tr0llz0r the Skirmisher (Draconian Berserker)       Turns: 1302, Time: 00:05:48

Health: -3/33      AC:  7    Str: 20    XL:     3   Next: 44%
Magic:  3/3        EV: 12    Int:  7    God:    Trog [*.....]
Gold:   67         SH:  0    Dex: 10    Spells: 2/2 levels left

rFire    . . .     SeeInvis .   a - +0 falchion
rCold    . . .     Gourm    .   (no shield)
rNeg     . . .     Faith    .   (armour unavailable)
rPois    .         Spirit   .   j - +2 hat
rElec    .         Reflect  .   (no cloak)
rCorr    .         Harm     .   (no gloves)
MR       .....                  (no boots)
Stlth    +.........             h - amulet of magic regeneration
Regen    0.2/turn               (no ring)
MPRegen  0.2/turn               (no ring)

@: no status effects
A: unfitting armour, cold-blooded, AC +5
a: Berserk, Burn Spellbooks, Renounce Religion


You were on level 2 of the Dungeon.
You worshipped Trog.
Trog was aware of your devotion.
You were not hungry.

You visited 1 branch of the dungeon, and saw 2 of its levels.

You collected 67 gold pieces.

Inventory:

Hand Weapons
 a - a +0 falchion (weapon)
 g - a +0 hand axe
Armour
 j - a +2 hat (worn)
Jewellery
 h - an amulet of magic regeneration (around neck)
Scrolls
 b - a scroll of amnesia {unknown}
 e - a scroll of identify {unknown}
 f - a scroll of magic mapping {unknown}
 i - a scroll of recharging {unknown}
 n - a scroll of teleportation {unknown}
 o - a scroll of blinking {unknown}
Potions
 c - a potion of berserk rage {unknown}
 k - 2 potions of lignification {unknown}
 l - 2 potions of heal wounds {unknown}
 m - a potion of mutation {unknown}
Comestibles
 d - 2 meat rations
 p - a royal jelly


   Skills:
 + Level 4.0 Fighting
 + Level 3.7 Long Blades
 + Level 3.0 Dodging


You had 2 spell levels left.
You didn't know any spells.

Dungeon Overview and Level Annotations

Branches:
Dungeon (2/15)

Altars:
Gozag
Nemelex Xobeh

Annotations:
D:2 Terence


Innate Abilities, Weirdness & Mutations

Your plain brown scales are hard. (AC +5)
You cannot fit into any form of body armour.
You are cold-blooded and may be slowed by cold attacks.


Message History

You hit Terence but do no damage.
Your tail-slap misses Terence.
Terence is severely wounded.
Terence hits you but does no damage.
You hit Terence but do no damage.
Terence is severely wounded.
Terence barely misses you. x2
You hit Terence but do no damage.
Your tail-slap misses Terence.
Terence is severely wounded.
Terence hits you but does no damage.
You hit Terence but do no damage.
Terence is severely wounded.
Terence hits you but does no damage.
You hit Terence but do no damage.
Terence is severely wounded.
Terence hits you but does no damage.
You hit Terence but do no damage.
Terence is severely wounded.
Terence hits you with a short sword of electrocution.
You are electrocuted!
You die...

....##### ..!.....#
...(.$... ......#.#
...........# ..........#
#....# #@.# ###....###@.#
...........####
#########....#.......#
............#.....##.####
#.†...............##
#.####......##.#...##
##.## #.#...###..###.#
##.#.###.##### #..# #.#
##.###.##.# ##.###.#


You could see Terence.

Vanquished Creatures
  An adder (D:2)
  2 dart slugs (D:1)
  4 bats (D:1)
  5 giant cockroaches
  2 hobgoblins (D:1)
  3 jackals (D:1)
  2 quokkas (D:2)
  3 frilled lizards (D:1)
  3 goblins (D:1)
  3 kobolds (D:1)
  3 rats
31 creatures vanquished.

Notes
Turn   | Place    | Note
-------+----------+-------------------------------------------
     0 | D:1      | Tr0llz0r the Draconian Berserker began the quest for the Orb.
     0 | D:1      | Reached XP level 1. HP: 19/19 MP: 1/1
   354 | D:1      | Reached XP level 2. HP: 26/26 MP: 2/2
   856 | D:1      | Reached XP level 3. HP: 30/33 MP: 3/3
   936 | D:2      | Found a sparkling altar of Nemelex Xobeh.
   936 | D:2      | Found an opulent altar of Gozag.
  1173 | D:2      | Reached skill level 4 in Fighting
  1290 | D:2      | Noticed Terence
  1302 | D:2      | Slain by Terence

Skill      XL: |  1  2  3 |
---------------+----------+-----
Fighting       | 4 |  4.0
Dodging        | 3 |  3.0
Long Blades    | |  3.7

Action                   || total
-------------------------++-------
Melee: Falchion          ||    84
       Tailslap          ||     7
  Eat: Bread ration      ||     1
Armor: Skin              ||    55
Dodge: Dodged            ||    89
       Rpst.: Falchion   ||    28
